 Dungeon Crawl Stone Soup version 0.27-a0-1416-g941b2bd30b (webtiles) character file.

Game seed: 15815587046680488297

18 pyrow613 the Slasher (level 2, 24/24 HPs)
             Began as a Demigod Gladiator on July 1, 2021.
             Got out of the dungeon alive.
             The game lasted 00:01:23 (700 turns).

pyrow613 the Slasher (Demigod Gladiator)             Turns: 700, Time: 00:01:24

Health: 24/24      AC:  4    Str: 15    XL:     2   Next: 36%
Magic:  4/4        EV: 12    Int: 10    God:
Gold:   18         SH:  0    Dex: 15    Spells: 1/1 levels left

rFire    . . .     SeeInvis .   a - +0 long sword
rCold    . . .     Faith    .   (no shield)
rNeg     . . .     Spirit   .   b - +0 leather armour
rPois    .         Reflect  .   c - +0 helmet
rElec    .         Harm     .   (no cloak)
rCorr    .         Rampage  .   (no gloves)
Will     .....                  (no boots)
Stlth    +.........             (no amulet)
HPRegen  0.08/turn              (no ring)
MPRegen  0.09/turn              (no ring)

@: no status effects
A: high mp 1, forlorn
a: no special abilities


You escaped.
You visited 1 branch of the dungeon, and saw 1 of its levels.

You collected 18 gold pieces.

Inventory:

Hand Weapons
 a - a +0 long sword (weapon)
Missiles
 d - 3 throwing nets (quivered)
 f - 30 stones
 h - 14 sling bullets
Armour
 b - a +0 leather armour (worn)
 c - a +0 helmet (worn)
Magical Staves
 g - a staff of earth
Scrolls
 e - 3 scrolls of identify {unknown}


   Skills:
 + Level 2.1 Fighting
 * Level 3.3 Long Blades
 - Level 1.7 Throwing
 - Level 2.6 Dodging


You had one spell level left.
You didn't know any spells.
Your spell library was empty.

Dungeon Overview and Level Annotations

Branches:
Dungeon (1/15)


Innate Abilities, Weirdness & Mutations

Your attributes grow dramatically as you level up.
You have an increased reservoir of magic. (+10% MP)
You shall have no god before yourself.


Message History

The goblin closely misses you.
You barely miss the goblin. The goblin hits you but does no damage.
You slash the goblin!
You kill the goblin!
e - 2 scrolls labelled YSTETACICO (gained 1)
You start resting.
HP restored.
Things that are here:
a +0 club; a goblin corpse
f - 30 stones (gained 12)
Found a weird runed staff.
You see here a staff of earth.
g - a staff of earth
e - 3 scrolls labelled YSTETACICO (gained 1)
A hobgoblin comes into view.
The hobgoblin barely misses you.
You hit the hobgoblin.
The hobgoblin is almost dead.
The hobgoblin hits you.
You closely miss the hobgoblin.
The hobgoblin is almost dead.
The hobgoblin hits you but does no damage.
The hobgoblin closely misses you.
You hit the hobgoblin.
You kill the hobgoblin!
No target in view!
No target in view!
A hobgoblin comes into view.
The hobgoblin shouts!
The hobgoblin completely misses you.
You riposte.
You slash the hobgoblin!
You kill the hobgoblin!
No target in view!
No target in view!
Found 14 sling bullets.
You see here 14 sling bullets.
h - 14 sling bullets
There is an open door here.
There is a staircase leading out of the dungeon here.
Are you sure you want to leave the Dungeon?
This will make you lose the game!
You have escaped!

#.#.#...###
#.#.############ #.#.#
≈≈≈°≈☼≈≈≈## #.#.#
≈≈☼○≈☼≈≈≈≈#
#...#≈≈☼#°§○°#≈≈#
#####≈≈°○≈☼☼°≈≈≈# #≈≈○
≈○≈☼≈≈≈# ##
#####################.
+....@....'...#P..≈PP.
############..#..P.... #≈°○
§○☼☼≈≈≈#.P.#PP....
#≈≈☼○○○§☼○≈≈#..P#..⌠⌠⌠.
#☼☼○#○○☼☼#≈≈#.P.#P..⌠⌠P #
§○§§○○°≈≈≈#...#.P..≈. #.
☼≈°○≈☼☼☼○##..P.#.#..#
#.#.#############..P.#_#..#
#.............# ##.≈.######


There were no monsters in sight!

Vanquished Creatures
  2 dart slugs (D:1)
  2 bats (D:1)
  2 goblins (D:1)
  2 hobgoblins (D:1)
  2 jackals (D:1)
  A frilled lizard (D:1)
  2 rats (D:1)
13 creatures vanquished.

Notes
Turn   | Place    | Note
-------+----------+-------------------------------------------
     0 | D:1      | pyrow613 the Demigod Gladiator began the quest for the Orb.
     0 | D:1      | Reached XP level 1. HP: 17/17 MP: 3/3
   206 | D:1      | Reached skill level 3 in Long Blades
   336 | D:1      | Reached XP level 2. HP: 24/24 MP: 4/4
   700 | D:$      | Got out of the dungeon alive.

Illustrated notes

Levels and vault maps discovered:
D:1:      saegor_arrival_miasma, layout_basic,
          shapermc_ecumenical_altar_mp_ritualfount, minmay_misc_feat_columns,
          minivault_27, hangedman_abyss_or_decor_stabs

Skill      XL: |  1 |
---------------+----+-----
Fighting       | 2 |  2.1
Long Blades    | 3 |  3.3
Throwing       | |  1.7
Dodging        | |  2.6

Action                   || total
-------------------------++-------
Melee: Long sword        ||    27
Armor: Leather armour    ||     9
Dodge: Dodged            ||    25
       Rpst.: Long sword ||     7

Table legend: (Time is in decaauts)
 A = Elapsed time spent in this place.
 B = Non-inter-level travel time spent in this place.
 C = Inter-level travel time spent in this place.
 D = Time resting spent in this place.
 E = Time spent auto-exploring this place.
 F = Levels seen in this place.
 G = Mean time per level.
                   A        B        C        D        E       F      G
               +--------+--------+--------+--------+--------+-----+--------+
         Total |    707 |    673 |     34 |     54 |    527 |   1 |  707.0 |
       Dungeon |    707 |    673 |     34 |     54 |    527 |   1 |  707.0 |
               +--------+--------+--------+--------+--------+-----+--------+

Top non-repeatable levels by time:
     D:1: 707 daAuts
